 Dungeon Crawl Stone Soup version 0.25-a0-458-g6fc7858b95 (webtiles) character file.

Game seed: 14122739850099670258, levelgen mode: deterministic

45235 Yahzi the Spry (level 14, -7/126 HPs)
             Began as a Merfolk Monk on Feb 1, 2020.
             Was an Initiate of Gozag.
             Mangled by a crocodile (40 damage)
             ... on level 5 of the Lair of Beasts.
             The game lasted 01:03:42 (24376 turns).

Yahzi the Spry (Merfolk Monk)                      Turns: 24376, Time: 01:03:43

Health: -7/126     AC: 13    Str: 12    XL:     14   Next: 32%
Magic:  23/23      EV: 22    Int: 16    God:    Gozag
Gold:   1447       SH:  0    Dex: 22    Spells: 13/13 levels left

rFire    . . .     SeeInvis .   a - +1 trident (protect)
rCold    . . .     Gourm    .   Z - +3 warlock's mirror {reflect}
rNeg     . . .     Faith    .   G - +3 scale mail of Generosity {*Corrode MR+ MP+9 Slay+3}
rPois    +         Spirit   .   b - +2 hat {Int+3}
rElec    .         Reflect  +   (no cloak)
rCorr    .         Harm     .   L - +2 pair of gloves
MR       ++...                  r - +2 pair of boots
Stlth    +.........             R - amulet of the acrobat
HPRegen  0.31/turn              m - +5 ring of dexterity
MPRegen  0.18/turn              u - ring of poison resistance

@: lethally poisoned (-7 -> -8), sleeping, marked, corroded, gold aura
A: change form in water, swift swim, stealthy swim
a: Potion Petition, Call Merchant, Bribe Branch, Renounce Religion


You were on level 5 of the Lair of Beasts.
You worshipped Gozag.
Gozag was most pleased with you.
You were not hungry.

You visited 3 branches of the dungeon, and saw 19 of its levels.
You also visited: Gauntlet.

You collected 4238 gold pieces.
You spent 1536 gold pieces at shops.
You paid 1255 gold pieces to Gozag.

Inventory:

Hand Weapons
 a - a +1 trident of protection (weapon)
 Q - a +0 scimitar of flaming
Missiles
 v - 466 stones
 z - 41 poisoned darts
 E - a curare-tipped dart (quivered)
Armour
 b - a +2 hat of intelligence (worn)
 r - a +2 pair of boots (worn)
 G - the +3 scale mail of Generosity (worn) {*Corrode MR+ MP+9 Slay+3}
   (You found it on level 8 of the Dungeon)

   It affects your accuracy and damage with ranged weapons and melee attacks
   (+3).
   It affects your resistance to hostile enchantments.
   It affects your magic capacity (+9).
   It may corrode you when you take damage.
   If you remove this armour, your AC will fall 9 points (13 -> 4)
 L - a +2 pair of gloves (worn)
 Z - the +3 warlock's mirror (worn) {reflect}
   (You bought it in a shop on level 9 of the Dungeon)

   If you remove this armour, your AC will rise 0 points (13 -> 13)
Jewellery
 m - a +5 ring of dexterity (left hand)
 u - a ring of poison resistance (right hand)
 x - a +3 ring of strength
 y - an uncursed ring of stealth
 F - the ring of Xeatwu {Ice Str-2 Int+6, unknown}
   (You found it in a Gauntlet)

   [ring of ice]

   It enhances your ice magic.
   It affects your strength (-2).
   It affects your intelligence (+6).
   It makes you vulnerable to fire.
   It protects you from cold.
 M - the ring "Nuheg" {Int+3 SInv, unknown}
   (You found it in a Gauntlet)

   [ring of see invisible]

   It affects your intelligence (+3).
   It lets you see invisible.
 R - an amulet of the acrobat (around neck)
 U - an uncursed ring of protection from cold
Wands
 g - a wand of acid (18)
 A - a wand of iceblast (17)
 B - a wand of flame (69)
 J - a wand of enslavement (11)
 O - a wand of paralysis (15)
 V - a wand of random effects (21)
 X - a wand of polymorph (22)
Scrolls
 i - 3 scrolls of fog
 k - 5 scrolls of teleportation
 l - 2 scrolls of magic mapping
 n - 3 scrolls of enchant weapon {unknown}
 o - 4 scrolls of immolation {unknown}
 p - 11 scrolls of remove curse
 s - a scroll of amnesia {unknown}
 w - 3 scrolls of blinking
 H - 5 scrolls of enchant armour {unknown}
 K - a scroll of silence {unknown}
 N - a scroll of noise {unknown}
 T - 2 scrolls of fear {unknown}
 W - a scroll of summoning {unknown}
Potions
 d - 2 potions of cancellation
 e - 2 potions of heal wounds
 f - a potion of brilliance {unknown}
 h - 2 potions of ambrosia
 j - 3 potions of flight
 q - a potion of haste
 t - a potion of might
 C - 4 potions of lignification
 D - 7 potions of curing
 I - 5 potions of magic
 P - 2 potions of agility
 S - 2 potions of berserk rage {unknown}
 Y - 2 potions of resistance {unknown}
Comestibles
 c - 16 rations


   Skills:
 + Level 16.5 Fighting
 - Level 14.0 Polearms
 + Level 19.1 Dodging
 - Level 2.1 Stealth
 - Level 4.0 Shields


You had 13 spell levels left.
You didn't know any spells.
Your spell library contained the following spells:

 Spells                   Type           Power        Failure   Level  Hunger
 Corona                   Hex            #......      80%         1    ##.....
 Freeze                   Ice            #...         80%         1    ##.....
 Magic Dart               Conj           #...         80%         1    ##.....
 Sting                    Tmut/Pois      #...         80%         1    ##.....
 Blink                    Tloc           N/A          91%         2    ###....
 Call Imp                 Summ           #.......     91%         2    ###....
 Ensorcelled Hibernation  Hex/Ice        #.....       91%         2    ###....
 Poisonous Vapours        Pois/Air       #.....       91%         2    ###....
 Shroud of Golubria       Chrm/Tloc      #.....       91%         2    ###....
 Slow                     Hex            #.......     91%         2    ###....
 Swiftness                Chrm/Air       #.......     91%         2    ###....
 Confusing Touch          Hex            #.......     99%         3    ####...
 Conjure Flame            Conj/Fire      #.......     99%         3    ####...
 Dazzling Flash           Conj/Hex       #.....       99%         3    ####...
 Gell's Gravitas          Tloc           #.........   99%         3    ####...
 Ignite Poison            Fire/Tmut/Pois #.......     99%         3    ####...
 Mephitic Cloud           Conj/Pois/Air  #.......     99%         3    ####...
 Ozocubu's Armour         Chrm/Ice       #.......     99%         3    ####...
 Spider Form              Tmut/Pois      #.........   99%         3    ####...
 Tukima's Dance           Hex            #.......     99%         3    ####...
 Cause Fear               Hex            #.........   100%        4    #####..
 Hailstorm                Conj/Ice       #.......     100%        4    #####..
 Olgreb's Toxic Radiance  Pois           #.......     100%        4    #####..
 Petrify                  Tmut/Erth      #.......     100%        4    #####..
 Summon Ice Beast         Ice/Summ       #.......     100%        4    #####..
 Alistair's Intoxication  Tmut/Pois      #.......     100%        5    ######.
 Excruciating Wounds      Chrm/Necr      #.........   100%        5    ######.
 Metabolic Englaciation   Hex/Ice        #.........   100%        5    ######.
 Silence                  Hex/Air        #.........   100%        5    ######.
 Yara's Violent Unravell  Hex/Tmut       #.........   100%        5    ######.
 Deflect Missiles         Chrm/Air       #.........   100%        6    #######
 Discord                  Hex            #.........   100%        8    #######


Dungeon Overview and Level Annotations

Branches:
Dungeon (13/15)            Temple (1/1) D:4            Lair (5/6) D:10
 Shoals (0/4) Lair:4       Spider (0/4) Lair:4        Slime (0/5) Lair:5
    Orc (0/2) D:9         Gauntlet (visited)
 Vaults: D:13-14

Altars:
Ashenzari
Cheibriados
Dithmenos
Elyvilon
Fedhas
Gozag
Hepliaklqana
Kikubaaqudgha
Makhleb
Nemelex Xobeh
Okawaru
Qazlal
Ru
Sif Muna
Trog
Uskayaw
Vehumet
Wu Jian
Xom
Yredelemnul
Zin
The Shining One
Beogh

Shops:
D:4 =   D:8 [   D:9 *[   D:13 ?   Lair:2 [

Annotations:
D:6 Maggie
D:7 1 runed translucent door, Emblim88's ghost, novice SpVM
D:12 3 runed translucent doors, Laewniona's ghost, journeyman GrEE
Lair:1 exclusion: oklob plant
Lair:5 2 transporters, Uhin Nir's ghost, journeyman MiBe


Message History

* * * LOW HITPOINT WARNING * * *
You closely miss the crocodile.
The crocodile is heavily wounded.
The bullfrog hits something.
The crocodile bites you!
* * * LOW HITPOINT WARNING * * *
The crocodile bites you!
* * * LOW HITPOINT WARNING * * *
Unknown command.
You feel much better. The crocodile misses you.
The dream sheep shake their wool and sparkle.
You feel drowsy...
You fall asleep.
The crocodile completely misses you.
You feel sick. The crocodile misses you. The crocodile closely misses you.
The dream sheep is no longer distracted by gold.
A dream sheep comes into view.
The crocodile misses you.
The crocodile becomes distracted by your gold, dreaming of imaginary riches.
The crocodile bites you!!!
You die...
Your body crumbles into a pile of gold.

#........P.
#.........
##....#.##
#...##..# .
##...#.### .).
#....P...##...
##............
#t#tF...P....
##.@#....P.P..
#P.Y#......P..
#.Y##.#...#...
#..###.#.## ..
#
#.Y.##.t.P##..
..
##..........♣♣
..
#..........≈≈≈
.♣
##........≈≈≈≈
.P
##.......≈PP≈P
.≈


You could see 2 crocodiles, a bullfrog and 3 dream sheep.

Vanquished Creatures
  Rupert (Lair:4)
  Gastronok (D:12)
  Kirke (Lair:4)
  A minotaur (Gauntlet)
  A catoblepas (Lair:5)
  5 hydras
  A centaur warrior (D:13)
  Erica (D:9)
  A two-headed ogre (D:11)
  Urug (Lair:3)
  4 sixfirhies (Gauntlet)
  A death drake (Gauntlet)
  An unseen horror (D:10)
  2 ugly things
  A cyclops (D:13)
  2 deep elf magi (D:13)
  A manticore (D:13)
  A spectral centaur (Gauntlet)
  An elephant (D:10)
  6 black mambas
  7 spiny frogs
  2 gargoyles
  A torpor snail (Lair:2)
  A rime drake (Lair:3)
  4 komodo dragons
  A redback zombie (Gauntlet)
  A harpy zombie (Gauntlet)
  A jumping spider (Lair:4)
  2 trolls
  5 blink frogs (Lair:4)
  Prince Ribbit (D:7)
  3 hornets
  5 dream sheep
  3 slime creatures (D:12)
  5 hippogriffs
  Sigmund (D:3)
  2 hogs
  3 basilisks
  24 yaks
  A steam dragon (D:9)
  3 hungry ghosts
  Menkaure (D:7)
  2 insubstantial wisps
  An acid dragon (D:12)
  4 water moccasins
  A soldier ant (D:8)
  6 porcupines
  3 orc warriors
  A hornet zombie (D:12)
  A phantom (D:7)
  7 sky beasts
  An ice beast (D:10)
  2 black bears
  An eye of draining (D:11)
  3 wolves (Lair:3)
  8 ogres
  9 crocodiles
  12 centaurs
  10 bullfrogs
  4 scorpions
  6 killer bees (D:10)
  8 wights
  An electric eel (D:6)
  6 howler monkeys
  8 crimson imps
  A bullfrog zombie (D:11)
  9 jellies
  3 centaur zombies
  2 quasits (D:8)
  4 hounds
  15 orc wizards
  11 orc priests
  4 centaur skeletons
  4 iguanas
  Ijyb (D:3)
  11 worker ants
  A killer bee zombie (D:7)
  A hound zombie (D:3)
  A hound skeleton (D:5)
  2 howler monkey zombies
  4 worker ant zombies
  2 howler monkey skeletons
  15 adders
  4 shadow imps
  2 oozes
  An adder zombie (D:3)
  2 adder skeletons (D:3)
  4 worms
  4 leopard geckos
  51 orcs
  4 giant cockroaches
  5 goblins
  4 hobgoblins
  3 jackals (D:4)
  10 quokkas
  A ball python (D:3)
  2 bats
  5 frilled lizards
  2 giant cockroach zombies (D:3)
  A goblin zombie (D:7)
  3 jackal skeletons
  4 kobolds
  2 leopard gecko skeletons (D:3)
  A leopard gecko zombie (D:3)
  5 quokka zombies
  10 rats
437 creatures vanquished.

Vanquished Creatures (others)
  2 centaurs (D:12)
  7 fungi
  A plant (Lair:4)
10 creatures vanquished.

Grand Total: 447 creatures vanquished

Notes
Turn   | Place    | Note
-------+----------+-------------------------------------------
     0 | D:1      | Yahzi the Merfolk Monk began the quest for the Orb.
     0 | D:1      | Reached XP level 1. HP: 18/18 MP: 1/1
   137 | D:1      | Reached XP level 2. HP: 24/24 MP: 2/2
   668 | D:2      | Reached skill level 5 in Polearms
   668 | D:2      | Reached XP level 3. HP: 26/30 MP: 3/3
  1152 | D:3      | Noticed Sigmund
  1331 | D:3      | Reached XP level 4. HP: 37/37 MP: 4/4
  1536 | D:3      | Reached skill level 5 in Dodging
  1762 | D:3      | Killed Sigmund
  1762 | D:3      | Reached XP level 5. HP: 35/43 MP: 5/5
  1762 | D:3      | Reached XP level 6. HP: 41/50 MP: 6/6
  2060 | D:3      | Noticed Ijyb
  2105 | D:3      | Noticed a moth of wrath
  2108 | D:3      | Found a bloodstained altar of Trog.
  2128 | D:3      | Reached skill level 6 in Dodging
  2347 | D:3      | Killed Ijyb
  2347 | D:3      | Reached skill level 5 in Fighting
  2928 | D:4      | Found a radiant altar of Vehumet.
  3022 | D:4      | Reached XP level 7. HP: 35/56 MP: 7/7
  3191 | D:4      | Found Ucil's Jewellery Shop.
  3752 | D:4      | Found a staircase to the Ecumenical Temple.
  3761 | Temple   | Entered the Ecumenical Temple
  4011 | Temple   | Became a worshipper of Gozag Ym Sagoz the Greedy
  4255 | D:5      | Entered Level 5 of the Dungeon
  4399 | D:5      | Found a stormy altar of Qazlal.
  4557 | D:5      | Reached skill level 7 in Dodging
  5046 | D:5      | Reached XP level 8. HP: 64/64 MP: 8/8
  5181 | D:5      | Reached skill level 10 in Polearms
  5489 | D:6      | Reached skill level 8 in Dodging
  5646 | D:6      | Noticed Maggie
  5858 | D:7      | Reached XP level 9. HP: 39/72 MP: 9/9
  5992 | D:7      | Noticed Prince Ribbit
  6020 | D:7      | Noticed Emblim88's ghost (novice SpVM)
  6390 | D:7      | Found a shattered altar of Ashenzari.
  6405 | D:7      | Noticed a green ugly thing
  6438 | D:7      | Killed a green ugly thing
  6438 | D:7      | Reached skill level 9 in Dodging
  6687 | D:7      | Noticed Menkaure
  6696 | D:7      | Killed Menkaure
  6868 | D:7      | Found a runed translucent door.
  7062 | D:7      | Found a shadowy altar of Dithmenos.
  7507 | D:7      | Found a runed translucent door.
  7548 | D:7      | Found a shadowy altar of Dithmenos.
  7603 | D:7      | Found a shattered altar of Ashenzari.
  8347 | D:7      | Found a shadowy altar of Dithmenos.
  8538 | D:7      | Found a runed translucent door.
  8949 | D:8      | Reached skill level 10 in Dodging
  8949 | D:8      | Reached XP level 10. HP: 77/82 MP: 10/10
  8963 | D:8      | Found Seanisit's Antique Armour Shop.
  9140 | D:8      | Identified the +3 scale mail of Generosity {*Corrode MR+
                  | MP+9 Slay+3} (You found it on level 8 of the Dungeon)
  9569 | D:9      | Paralysed by a hornet for 3 turns
  9997 | D:9      | Reached skill level 11 in Dodging
 10050 | D:9      | Found Vizur's Assorted Antiques.
 10073 | D:9      | Noticed Erica
 10590 | D:9      | Found a staircase to the Orcish Mines.
 10641 | D:9      | Killed Erica
 10641 | D:9      | Reached skill level 10 in Fighting
 10676 | D:9      | Found a roughly hewn altar of Beogh.
 10765 | D:9      | Reached skill level 12 in Dodging
 10802 | D:9      | Found a staircase to the Orcish Mines.
 10805 | D:9      | Found a roughly hewn altar of Beogh.
 10954 | D:9      | Found Nucofyad's Antique Armour Shoppe.
 10956 | D:9      | Found Vizur's Assorted Antiques.
 11242 | D:10     | Entered Level 10 of the Dungeon
 11490 | D:10     | Reached XP level 11. HP: 92/92 MP: 11/11
 11735 | D:10     | Killed an unseen horror
 11981 | D:10     | Found a staircase to the Lair.
 12085 | D:10     | Reached skill level 13 in Dodging
 12846 | D:11     | Noticed a two-headed ogre
 12882 | D:11     | Killed a two-headed ogre
 13171 | D:11     | Found an opulent altar of Gozag.
 13281 | D:11     | Reached skill level 14 in Dodging
 13746 | D:9      | Bought the +3 warlock's mirror {reflect} for 1120 gold
                  | pieces
 13746 | D:9      | Found the +3 warlock's mirror {reflect}
 13949 | D:12     | Noticed Gastronok
 14111 | D:12     | Killed Gastronok
 14111 | D:12     | Reached XP level 12. HP: 66/103 MP: 12/12
 15035 | D:12     | Reached skill level 15 in Dodging
 15044 | D:12     | Found a runed translucent gate.
 15044 | D:12     | Found a runed translucent gate.
 15048 | D:12     | Found a runed translucent gate.
 15050 | D:12     | Noticed Laewniona's ghost (journeyman GrEE)
 15240 | D:13     | Found Fuhuilo's Magic Scroll Emporium.
 15244 | D:13     | Bought a scroll of magic mapping for 52 gold pieces
 15244 | D:13     | Bought a scroll of magic mapping for 52 gold pieces
 15244 | D:13     | Bought a scroll of blinking for 112 gold pieces
 15576 | D:13     | Noticed a centaur warrior
 15593 | D:13     | Killed a centaur warrior
 16112 | D:13     | Noticed a soul eater
 16125 | D:13     | Noticed a sun demon
 16908 | D:7      | Killed Prince Ribbit
 17002 | D:4      | Bought an uncursed ring of poison resistance for 200 gold
                  | pieces
 17210 | Lair:1   | Entered Level 1 of the Lair of Beasts
 17277 | Lair:1   | Reached skill level 16 in Dodging
 17770 | Lair:1   | Identified the +3 broad axe of Ceid {venom, rPois Dex+4}
                  | (You found it on level 1 of the Lair of Beasts)
 18186 | Lair:2   | Reached XP level 13. HP: 29/113 MP: 13/13
 19255 | Lair:2   | Reached skill level 17 in Dodging
 19656 | Lair:3   | Noticed Urug
 19675 | Lair:3   | Killed Urug
 19762 | Lair:3   | Found a gate leading to a gauntlet.
 19770 | Gauntlet | Entered a Gauntlet
 19770 | Gauntlet | Found a transporter.
 19779 | Gauntlet | Found a transporter.
 19780 | Gauntlet | Noticed a death ooze
 19795 | Gauntlet | Found a transporter.
 19799 | Gauntlet | Found a transporter.
 19809 | Gauntlet | Found a transporter.
 19826 | Gauntlet | Noticed a blizzard demon
 19829 | Gauntlet | Found a transporter.
 19832 | Gauntlet | Found a transporter.
 19836 | Gauntlet | Found a transporter.
 19859 | Gauntlet | Found a transporter.
 19876 | Gauntlet | Found a transporter.
 19880 | Gauntlet | Found a transporter.
 19882 | Gauntlet | Found a runed translucent gate.
 19882 | Gauntlet | Found a runed translucent gate.
 19882 | Gauntlet | Found a runed translucent gate.
 19888 | Gauntlet | Found a transporter.
 20004 | Gauntlet | Reached skill level 15 in Fighting
 20019 | Gauntlet | Identified the +0 cloak of Laodayri {*Drain Str+5} (You
                  | found it in a Gauntlet)
 20255 | Gauntlet | Got a translucent tin ring
 20261 | Gauntlet | Identified the Papyrus of Boosting Intoxication
 20423 | Gauntlet | Noticed a minotaur
 20452 | Gauntlet | Killed a minotaur
 20463 | Gauntlet | Got a glittering silver ring
 21401 | Lair:3   | Reached skill level 18 in Dodging
 22152 | Lair:4   | Noticed Kirke
 22158 | Lair:4   | Noticed Rupert
 22307 | Lair:4   | Found a hole to the Spider Nest.
 22423 | Lair:4   | Noticed a sphinx
 22600 | Lair:4   | Found a staircase to the Shoals.
 22871 | Lair:3   | Reached XP level 14. HP: 106/124 MP: 14/14
 23018 | Lair:4   | Killed Kirke
 23374 | Lair:4   | Killed Rupert
 23576 | Lair:5   | Found a transporter.
 23611 | Lair:5   | Noticed Uhin Nir's ghost (journeyman MiBe)
 23649 | Lair:5   | Found a staircase to the Slime Pits.
 23777 | Lair:5   | Reached skill level 19 in Dodging
 24032 | Lair:5   | Found a transporter.
 24376 | Lair:5   | Mangled by a crocodile

Levels and vault maps discovered:
D:1:      matt_arrival_debris, layout_rooms
D:2:      layout_loops_ring
D:3:      layout_loops_ring, serial_undead, serial_undead_f, serial_undead_f,
          serial_undead_e, serial_undead_d, serial_undead_b, serial_undead_a,
          serial_undead_b, serial_undead_b, serial_undead_e, serial_undead_a,
          tgw_trog, uniq_ijyb, uniq_sigmund
D:4:      layout_basic, minmay_temple_entry_drinking_statues, first_ration,
          serial_shops, nicolae_shop_temple_entry_statues_fountains,
          serial_park_tiny_2, vehumet_altar_wand_db
D:5:      layout_loops_cross, minivault_25, nicolae_qazlal_general_emergency
D:6:      layout_rooms, minmay_crystal_water, uniq_maggie
D:7:      layout_cave_pods, ashenzari_altar_1, hellmonk_ghost_happy_afterlife,
          enter_ossuary_4, grunt_dithmenos_shadows, uniq_prince_ribbit1,
          uniq_menkaure
D:8:      layout_basic, serial_shops, shop
D:9:      layout_small_grid, minmay_orc_entry_temple_small, serial_shops,
          nicolae_shop_behind_doors, hangedman_pestilent_swarm, uniq_erica
D:10:     layout_long_grid, david_lair_generic, hangedman_misty_isle
D:11:     layout_loops_ring, nicolae_gozag_seed_capital
D:12:     layout_cave_pools, gammafunk_ghost_necromancy, fungi_pond_lemuel,
          uniq_gastronok
D:13:     lemuel_flame_loot_2, layout_loops_corners, serial_shops,
          nicolae_shop_waterfront
Temple:   compressed_dpeg_triangle_lava_temple
Lair:1:   layout_long_grid, grunt_megastairs_2, infiniplex_staircase_pool_2,
          minmay_lair_oklob_chamber
Lair:2:   layout_cave_pods
Lair:3:   layout_layer_cave, gauntlet_entry_generic, lemuel_fruit_fields,
          uniq_urug
Lair:4:   layout_regular_city, elwin_shoals_entry_rocks,
          spider_nest_entry_rubble, uniq_kirke, uniq_rupert
Lair:5:   layout_regular_city, minmay_slime_entry_pillars, gammafunk_ghost_hive,
          serial_bayou_lagoon_b

Skill      XL: |  1  2  3  4  5  6  7  8  9 10 11 12 13 14 |
---------------+-------------------------------------------+-----
Polearms       | 5 7 9 11 13 14 | 14.0
Fighting       | 4 5 6 7 8 10 12 14 15 16 | 16.5
Dodging        | 5 6 7 8 10 12 14 16 18 19 | 19.1
Shields        | 2 4 |  4.0
Stealth        | |  2.1

Action                   |  1- 3 |  4- 6 |  7- 9 | 10-12 | 13-15 || total
-------------------------+-------+-------+-------+-------+-------++-------
Melee: Spear             |    98 |    35 |       |       |       ||   133
       Trident           |       |   129 |   586 |  1192 |   714 ||  2621
       Quarterstaff      |       |    31 |       |       |       ||    31
       Tailslap          |       |       |       |     8 |       ||     8
Throw: Dart              |       |       |    20 |       |     2 ||    22
Invok: Call Merchant     |       |       |       |     1 |     1 ||     2
Evoke: Wand              |       |       |     3 |    11 |    21 ||    35
  Use: Scroll            |     4 |     2 |     5 |     6 |     8 ||    25
       Potion            |       |       |     4 |     1 |     6 ||    11
 Stab: Sleeping          |     2 |       |    11 |    10 |     1 ||    24
       Distracted        |       |       |     5 |     2 |     7 ||    14
       Paralysed         |       |       |       |    13 |       ||    13
       Petrifying        |       |       |       |     1 |     2 ||     3
       Invisible         |       |       |       |       |     9 ||     9
  Eat: Chunk             |     1 |     6 |     2 |       |       ||     9
       Ration            |       |       |     6 |     9 |     6 ||    21
Armor: Ring mail         |    17 |    48 |   153 |     2 |       ||   220
       Scale mail        |       |       |       |   269 |   143 ||   412
Dodge: Dodged            |    36 |   105 |   241 |   491 |   360 ||  1233
Block: Buckler           |       |       |       |   123 |   221 ||   344
       Reflection        |       |       |       |    18 |    10 ||    28

Table legend:
 A = Non-vault XP
 B = Vault XP
 C = Vault XP percentage of total XP
 D = Non-vault monster count
 E = Vault monster count
 F = Vault count percentage of total count
                 A         B        C        D         E       F
            +---------+---------+-------+---------+---------+-------
      Total |   44244 |   20378 |  31.5 |     366 |      73 |  16.6
            +---------+---------+-------+---------+---------+-------
        D:1 |      11 |       0 |   0.0 |       4 |       0 |   0.0
        D:2 |      67 |       0 |   0.0 |      20 |       0 |   0.0
        D:3 |     121 |     332 |  73.3 |      20 |      21 |  51.2
        D:4 |     442 |       2 |   0.5 |      32 |       1 |   3.0
        D:5 |     520 |       0 |   0.0 |      16 |       0 |   0.0
        D:6 |     767 |       0 |   0.0 |      13 |       0 |   0.0
        D:7 |    1781 |     575 |  24.4 |      25 |       5 |  16.7
        D:8 |    1052 |     151 |  12.6 |      21 |       1 |   4.5
        D:9 |    1256 |    2335 |  65.0 |      17 |      17 |  50.0
       D:10 |    3036 |    1350 |  30.8 |      29 |       6 |  17.1
       D:11 |    2583 |       0 |   0.0 |      27 |       0 |   0.0
       D:12 |    4074 |    2286 |  35.9 |      36 |       1 |   2.7
       D:13 |    5929 |       0 |   0.0 |      31 |       0 |   0.0
     Lair:1 |    2316 |     157 |   6.3 |      10 |       1 |   9.1
     Lair:2 |    5874 |       0 |   0.0 |      22 |       0 |   0.0
     Lair:3 |    5673 |    1055 |  15.7 |      13 |       2 |  13.3
     Lair:4 |    4562 |    5370 |  54.1 |      19 |       4 |  17.4
     Lair:5 |    4180 |     178 |   4.1 |      11 |       4 |  26.7
   Gauntlet |       0 |    6587 | 100.0 |       0 |      10 | 100.0
            +---------+---------+-------+---------+---------+-------
